Login

Mongoloids vs Gladiators

Created - May 5, 2024 at 12:15

Goals
1 2 3 T
Mongoloids 0 2 0 2
Gladiators 2 1 2 5
Shots
1 2 3 T
Mongoloids 14 10 4 28
Gladiators 13 9 13 35

GoalsPenalties
1st period
1. Gladiators , T.J. Oshie 16 (Nick Schmaltz 24, Josh Manson 5) at 10:35
2. Gladiators , Zach Hyman 14 (J.T. Compher 11, Geoff Copses 59) at 10:43
Alec Martinez (ATH) for Hooking (Minor) at 7:03
David Perron (ULA) for Hooking (Minor) at 16:32
2nd period
3. Mongoloids , Rasmus Andersson 5 (Michael Matheson 42, Mason McTavish 19) at 4:39 (PP)
4. Mongoloids , Jonathan Marchessault 21 (John Tavares 37) at 7:08
5. Gladiators , Anthony Cirelli 3 (Evan Rodrigues 7, Geoff Copses 60) at 16:37
Alec Martinez (ATH) for Interference (Minor) at 2:51
Michael Matheson (ULA) for Hooking (Minor) at 7:35
Geoff Copses (ATH) for Hooking (Minor) at 11:43
3rd period
6. Gladiators , Zach Hyman 15 (Jaccob Slavin 28, J.T. Compher 12) at 0:38
7. Gladiators , Jake Guentzel 26 (T.J. Oshie 26, Alec Martinez 15) at 15:54 (PP)
Travis Konecny (ATH) for Holding (Minor) at 10:33
Austin Watson (ULA) for Hooking (Minor) at 10:33
Mason Marchment (ULA) for Hooking (Minor) at 14:17
Goalie Stats
Thatcher Demko (ULA), 30 saves from 35 shots - (0.857), L, 16-33-12, 60:00 minutes
Jake Oettinger (ATH), 26 saves from 28 shots - (0.929), W, 53-21-7, 60:00 minutes
3 StarsOfficial
1 - Zach Hyman (ATH)
2 - T.J. Oshie (ATH)
3 - Geoff Copses (ATH)
Referees : Unknown
Linesman : Unknown
Game Note
No Game Note
Finance
Level 1 -- Attendance: 4328 (72.13%) -- Ticket Income $432,800
Level 2 -- Attendance: 3483 (69.66%) -- Ticket Income $208,980
Level 3 -- Attendance: 1461 (73.05%) -- Ticket Income $51,135
Level 4 -- Attendance: 2950 (73.75%) -- Ticket Income $73,750
Luxury Box -- Attendance: 993 (99.30%) -- Ticket Income $198,600
Game was played at the Delphi Stadium.
Total Attendance: 13215 (73.42%)
Total Ticket Income: $965,265
Other Income: $386,106
Total Income: $1,351,371



Team Name Goals Shots Shots Attemp Shots Blocked PIM HIT PP PK FO%
Mongoloids 22866138241 / 3 (33%)163%
Gladiators 5356988211 / 3 (33%)137%

Mongoloids
Player Name POS G A P +/- PIM HIT SHT SB MP PP MP PP SHT PK MP PK SHT FO% FOT
Adam BoqvistD000-2010114:400:0001:5400% 0
Andreas EnglundD000-2020019:382:4403:3900% 0
Austin WatsonLW/RW000-2231117:422:5500:0500% 0
Cal ClutterbuckRW000000001:130:0000:0000% 0
David PerronLW/RW000-3212020:082:5501:2700% 0
Dillon DubeC/RW0000011014:070:0001:25046% 13
Drake BathersonLW/RW0001014119:542:5113:3000% 1
Evgeni MalkinC000-2013018:480:0000:00083% 12
John TavaresC/LW0110007023:522:5132:38081% 21
Jonathan MarchessaultLW/RW1011021017:372:5102:05033% 3
Markus NiemelainenD0001060016:200:0000:4700% 0
Mason MarchmentLW/RW000-222118:170:0000:0000% 0
Mason McTavishC/LW011-2001116:342:5500:00057% 21
Michael MathesonD011-2202124:143:0211:2200% 0
Ondrej PalatLW0000022114:110:0000:0000% 2
Rasmus AnderssonD101-2002420:163:1612:3000% 0
Ryan LindgrenD0001021217:332:3000:0000% 0
Tyrian LannisterD000000007:180:0000:5800% 0
Gladiators
Player Name POS G A P +/- PIM HIT SHT SB MP PP MP PP SHT PK MP PK SHT FO% FOT
Alec MartinezD0110410018:332:2801:0400% 0
Anthony CirelliC/RW1011003012:360:0003:55064% 11
Colton SissonsC/LW/RW0001020011:410:0900:00050% 2
Evan RodriguesC/LW/RW0111010012:360:0003:5500% 1
Geoff CopsesD0223223525:393:0722:4700% 0
J.T. CompherC/LW/RW0221022013:440:0000:0000% 1
Jaccob SlavinD0112021123:423:0701:5600% 0
Jake GuentzelLW/RW1010003016:442:5310:0000% 0
Josh MansonD0110021015:590:0002:0900% 0
Nick SchmaltzC/LW/RW0111004014:292:0600:00033% 12
Nico HischierC0000010012:430:0000:00053% 15
Ryan SuterD0000000120:312:2803:2200% 0
Sam ReinhartC/RW0001014016:422:4210:16025% 20
Samuel GirardD0001001115:330:0000:1400% 0
T.J. OshieC/RW1121032017:082:5301:3500% 7
Travis KonecnyLW/RW0000206015:242:4210:0000% 0
Yanni GourdeC/RW000103008:410:0000:00050% 2
Zach HymanLW/RW2021015019:463:2001:51050% 2

Mongoloids

5 vs 5 Forward
Line #Left WingCenterRight WingPHYDFOFWanted %Time %Time Play
1Drake BathersonJohn TavaresJonathan Marchessault1223026%12:01
2David PerronMason McTavishAustin Watson1222831%14:14
3Ondrej PalatDillon DubeEvgeni Malkin1222626%12:07
4Mason MarchmentEvgeni MalkinJohn Tavares1221618%8:18
5 vs 5 Defense
Line #DefenseDefensePHYDFOFWanted %Time %Time Play
1Michael MathesonAdam Boqvist1223026%12:11
2Rasmus AnderssonAndreas Englund1222827%12:36
3Ryan LindgrenMarkus Niemelainen1222633%15:33
4Tyrian LannisterMichael Matheson1221614%6:20
Power Play Forward
Line #Left WingCenterRight WingPHYDFOFWanted %Time %Time Play
1Drake BathersonJohn TavaresJonathan Marchessault1225549%2:51
2David PerronMason McTavishAustin Watson1224551%2:55
Power Play Defense
Line #DefenseDefensePHYDFOFWanted %Time %Time Play
1Michael MathesonRasmus Andersson1225553%3:02
2Rasmus AnderssonAndreas Englund1224547%2:44
Penalty Kill 4 Players Forward
Line #CenterWingPHYDFOFWanted %Time %Time Play
1John TavaresDrake Batherson1225563%3:30
2Jonathan MarchessaultDavid Perron1224537%2:05
Penalty Kill 4 Players Defense
Line #DefenseDefensePHYDFOFWanted %Time %Time Play
1Michael MathesonAndreas Englund1225555%3:05
2Rasmus AnderssonAndreas Englund1224545%2:30
Penalty Kill 3 Players
Line #WingPHYDFOFWanted %Time %Time PlayDefenseDefensePHYDFOFWanted %Time %Time Play
1John Tavares122550%0:00 Michael MathesonAndreas Englund122550%0:00
2Drake Batherson122450%0:00 Rasmus AnderssonAndreas Englund122450%0:00
4 vs 4 Forward
Line #CenterWingPHYDFOFWanted %Time %Time Play
1John TavaresDrake Batherson1225577%1:32
2Jonathan MarchessaultDavid Perron1224523%0:27
4 vs 4 Defense
Line #DefensePHYDFOFWanted %Time %Time Play
1Michael MathesonRasmus Andersson1225567%55% - 1:20
2Rasmus AnderssonAndreas Englund1224533%45% - 0:39
Last Minutes Offensive
Left WingCenterRight WingDefenseDefense
Drake BathersonJohn TavaresJonathan MarchessaultMichael MathesonAdam Boqvist
Last Minutes Defensive
Left WingCenterRight WingDefenseDefense
Drake BathersonJohn TavaresJonathan MarchessaultMichael MathesonAdam Boqvist
Time
Total ForwardTotal DefenseLast Minutes OffensiveLast Minutes Defensive
60:00 60:00 0:000:00
Extra Forwards
Normal PowerPlayPenalty Kill
John Tavares, Ondrej Palat, Dillon DubeJohn Tavares, Ondrej PalatDillon Dube
Extra Defensemen
Normal PowerPlayPenalty Kill
Ryan Lindgren, Markus Niemelainen, Michael MathesonRyan Lindgren, Markus NiemelainenMichael Matheson
Penalty Shots
John Tavares, Drake Batherson, Jonathan Marchessault, David Perron, Austin Watson
Goalie
Thatcher Demko, Jaroslav Halak
Custom OT Lines Forwards
John Tavares, Drake Batherson, Jonathan Marchessault, David Perron, Austin Watson, Mason McTavish, Evgeni Malkin, Ondrej Palat, Dillon Dube, Mason Marchment
Custom OT Lines Defensemen
Michael Matheson, Markus Niemelainen, Rasmus Andersson, Andreas Englund, Ryan Lindgren
Scratches
Mattias Ekholm (Healthy), Yegor Sharangovich (Healthy)

Gladiators

5 vs 5 Forward
Line #Left WingCenterRight WingPHYDFOFWanted %Time %Time Play
1J.T. CompherSam ReinhartZach Hyman1223029%13:44
2Travis KonecnyNico HischierJake Guentzel1222827%12:43
3Colton SissonsNick SchmaltzT.J. Oshie1222625%11:32
4Evan RodriguesAnthony CirelliYanni Gourde1221619%8:41
5 vs 5 Defense
Line #DefenseDefensePHYDFOFWanted %Time %Time Play
1Geoff CopsesSamuel Girard1223033%15:19
2Alec MartinezJaccob Slavin1222830%14:12
3Josh MansonRyan Suter1222630%13:50
4Geoff CopsesJaccob Slavin122167%3:19
Power Play Forward
Line #Left WingCenterRight WingPHYDFOFWanted %Time %Time Play
1Zach HymanSam ReinhartTravis Konecny1225548%2:42
2Jake GuentzelT.J. OshieZach Hyman1224552%2:53
Power Play Defense
Line #DefenseDefensePHYDFOFWanted %Time %Time Play
1Geoff CopsesJaccob Slavin1225556%3:07
2Alec MartinezRyan Suter1224544%2:28
Penalty Kill 4 Players Forward
Line #CenterWingPHYDFOFWanted %Time %Time Play
1Anthony CirelliEvan Rodrigues1225568%3:55
2T.J. OshieZach Hyman1224532%1:51
Penalty Kill 4 Players Defense
Line #DefenseDefensePHYDFOFWanted %Time %Time Play
1Geoff CopsesJaccob Slavin1225565%3:45
2Alec MartinezRyan Suter1224535%2:01
Penalty Kill 3 Players
Line #WingPHYDFOFWanted %Time %Time PlayDefenseDefensePHYDFOFWanted %Time %Time Play
1Colton Sissons122550%0:00 Geoff CopsesJaccob Slavin122550%0:00
2Evan Rodrigues122450%0:00 Geoff CopsesRyan Suter122450%0:00
4 vs 4 Forward
Line #CenterWingPHYDFOFWanted %Time %Time Play
1T.J. OshieJake Guentzel1225557%1:08
2Travis KonecnyZach Hyman1224543%0:51
4 vs 4 Defense
Line #DefensePHYDFOFWanted %Time %Time Play
1Geoff CopsesJaccob Slavin1225557%55% - 1:08
2Alec MartinezRyan Suter1224543%45% - 0:51
Last Minutes Offensive
Left WingCenterRight WingDefenseDefense
Zach HymanSam ReinhartJake GuentzelGeoff CopsesJosh Manson
Last Minutes Defensive
Left WingCenterRight WingDefenseDefense
Evan RodriguesAnthony CirelliT.J. OshieGeoff CopsesJaccob Slavin
Time
Total ForwardTotal DefenseLast Minutes OffensiveLast Minutes Defensive
60:00 60:00 0:000:00
Extra Forwards
Normal PowerPlayPenalty Kill
Nick Schmaltz, Anthony Cirelli, T.J. OshieNick Schmaltz, Colton SissonsT.J. Oshie
Extra Defensemen
Normal PowerPlayPenalty Kill
Geoff Copses, Jaccob Slavin, Alec MartinezGeoff Copses, Geoff CopsesAlec Martinez
Penalty Shots
T.J. Oshie, Jake Guentzel, Travis Konecny, Zach Hyman, Sam Reinhart
Goalie
Jake Oettinger, Ville Husso
Custom OT Lines Forwards
Nico Hischier, Jake Guentzel, Travis Konecny, Zach Hyman, Sam Reinhart, Evan Rodrigues, Nick Schmaltz, Colton Sissons, T.J. Oshie, Anthony Cirelli
Custom OT Lines Defensemen
Geoff Copses, Jaccob Slavin, Josh Manson, Ryan Suter, Alec Martinez
Scratches
Shea Theodore (Healthy), Alex Tuch (Healthy)


Play-by-Play

1st period


0:01 of 1st period - John Tavares wins face-off versus J.T. Compher in neutral zone.
0:18 of 1st period - Shot by Sam Reinhart.
0:18 of 1st period - Shot Misses the Net.
0:22 of 1st period - Shot by J.T. Compher.
0:22 of 1st period - Shot Blocked by Michael Matheson.
0:26 of 1st period - Shot by J.T. Compher.
0:26 of 1st period - Stopped by Thatcher Demko without a rebound.
0:27 of 1st period - Nico Hischier wins face-off versus Mason McTavish in Mongoloids zone.
0:28 of 1st period - Shot by Travis Konecny.
0:28 of 1st period - Stopped by Thatcher Demko with a rebound.
0:30 of 1st period - Shot by Nico Hischier.
0:30 of 1st period - Deflect By Jake Guentzel.
0:30 of 1st period - Shot Misses the Net.
0:32 of 1st period - Shot by Travis Konecny.
0:32 of 1st period - Stopped by Thatcher Demko without a rebound.
0:33 of 1st period - Dillon Dube wins face-off versus Nick Schmaltz in Mongoloids zone.
0:33 of 1st period - Ondrej Palat is hit by Colton Sissons and loses puck.
1:42 of 1st period - Shot by Mason McTavish.
1:42 of 1st period - Shot Misses the Net.
1:57 of 1st period - Icing by Travis Konecny.
1:58 of 1st period - Nico Hischier wins face-off versus Jonathan Marchessault in Gladiators zone.
2:22 of 1st period - Shot by Drake Batherson.
2:22 of 1st period - Shot Misses the Net.
2:30 of 1st period - Shot by John Tavares.
2:30 of 1st period - Stopped by Jake Oettinger with a rebound.
2:32 of 1st period - Shot by Michael Matheson.
2:32 of 1st period - Shot Misses the Net.
2:43 of 1st period - Icing by Tyrian Lannister.
2:44 of 1st period - Anthony Cirelli wins face-off versus John Tavares in Mongoloids zone.
3:10 of 1st period - Icing by Tyrian Lannister.
3:11 of 1st period - John Tavares wins face-off versus Sam Reinhart in Mongoloids zone.
3:28 of 1st period - Shot by David Perron.
3:28 of 1st period - Stopped by Jake Oettinger without a rebound.
3:29 of 1st period - Dillon Dube wins face-off versus Nick Schmaltz in Gladiators zone.
3:42 of 1st period - Shot by Evgeni Malkin.
3:42 of 1st period - Stopped by Jake Oettinger without a rebound.
3:43 of 1st period - Mason McTavish wins face-off versus Sam Reinhart in Gladiators zone.
4:09 of 1st period - Off-side.
4:10 of 1st period - Anthony Cirelli wins face-off versus Dillon Dube in neutral zone.
4:50 of 1st period - Evan Rodrigues is hit by Adam Boqvist and loses puck.
6:02 of 1st period - Icing by Markus Niemelainen.
6:03 of 1st period - John Tavares wins face-off versus Nico Hischier in Mongoloids zone.
6:03 of 1st period - John Tavares is hit by Nico Hischier.
6:09 of 1st period - Shot by Drake Batherson.
6:09 of 1st period - Shot Misses the Net.
6:23 of 1st period - Shot by John Tavares.
6:23 of 1st period - Stopped by Jake Oettinger without a rebound.
6:24 of 1st period - Evgeni Malkin wins face-off versus Sam Reinhart in Gladiators zone.
6:54 of 1st period - Shot by Sam Reinhart.
6:54 of 1st period - Stopped by Thatcher Demko without a rebound.
6:55 of 1st period - Nick Schmaltz wins face-off versus Mason McTavish in Mongoloids zone.
6:56 of 1st period - Shot by T.J. Oshie.
6:56 of 1st period - Deflect By Nick Schmaltz.
6:56 of 1st period - Stopped by Thatcher Demko with a rebound.
7:03 of 1st period - Minor Penalty to Alec Martinez for Hooking.
7:04 of 1st period - Anthony Cirelli wins face-off versus Mason McTavish in Gladiators zone.
7:10 of 1st period - Icing by Michael Matheson.
7:11 of 1st period - Anthony Cirelli wins face-off versus Mason McTavish in Mongoloids zone.
7:36 of 1st period - Shot by David Perron.
7:36 of 1st period - Shot Misses the Net.
7:44 of 1st period - Shot by Mason McTavish.
7:44 of 1st period - Shot Blocked by Geoff Copses.
7:46 of 1st period - Shot by Michael Matheson.
7:46 of 1st period - Stopped by Jake Oettinger with a rebound.
7:48 of 1st period - Shot by Austin Watson.
7:48 of 1st period - Shot Misses the Net.
7:50 of 1st period - Shot by Michael Matheson.
7:50 of 1st period - Shot Misses the Net.
8:08 of 1st period - Shot by John Tavares.
8:08 of 1st period - Stopped by Jake Oettinger without a rebound.
8:09 of 1st period - John Tavares wins face-off versus T.J. Oshie in Gladiators zone.
8:14 of 1st period - Shot by Drake Batherson.
8:14 of 1st period - Deflect By John Tavares.
8:14 of 1st period - Stopped by Jake Oettinger with a rebound.
8:16 of 1st period - Shot by Ryan Lindgren.
8:16 of 1st period - Shot Misses the Net.
8:20 of 1st period - Shot by Jonathan Marchessault.
8:20 of 1st period - Shot Misses the Net.
8:22 of 1st period - Shot by John Tavares.
8:22 of 1st period - Shot Misses the Net.
8:24 of 1st period - Shot by Andreas Englund.
8:24 of 1st period - Deflect By Drake Batherson.
8:24 of 1st period - Stopped by Jake Oettinger with a rebound.
9:09 of 1st period - Alec Martinez is hit by Dillon Dube and loses puck.
9:15 of 1st period - Evgeni Malkin is hit by Jaccob Slavin and loses puck.
9:30 of 1st period - Shot by Ondrej Palat.
9:30 of 1st period - Shot Misses the Net.
9:32 of 1st period - Shot by Michael Matheson.
9:32 of 1st period - Stopped by Jake Oettinger without a rebound.
9:33 of 1st period - Zach Hyman wins face-off versus Mason McTavish in Gladiators zone.
9:37 of 1st period - Off-side.
9:38 of 1st period - Mason McTavish wins face-off versus Sam Reinhart in neutral zone.
9:53 of 1st period - Shot by Austin Watson.
9:53 of 1st period - Shot Blocked by Geoff Copses.
9:55 of 1st period - Shot by Mason McTavish.
9:55 of 1st period - Stopped by Jake Oettinger without a rebound.
9:56 of 1st period - Evgeni Malkin wins face-off versus Colton Sissons in Gladiators zone.
10:01 of 1st period - Shot by John Tavares.
10:01 of 1st period - Stopped by Jake Oettinger without a rebound.
10:02 of 1st period - Evgeni Malkin wins face-off versus T.J. Oshie in Gladiators zone.
10:06 of 1st period - Icing by Josh Manson.
10:07 of 1st period - Evgeni Malkin wins face-off versus Nick Schmaltz in Gladiators zone.
10:26 of 1st period - T.J. Oshie is hit by Andreas Englund and loses puck.
10:31 of 1st period - Shot by Nick Schmaltz.
10:31 of 1st period - Stopped by Thatcher Demko with a rebound.
10:33 of 1st period - Shot by Nick Schmaltz.
10:33 of 1st period - Shot Misses the Net.
10:35 of 1st period - Shot by T.J. Oshie.
10:35 of 1st period - Goal by T.J. Oshie - Mongoloids : 0 - Gladiators : 1.
10:36 of 1st period - Sam Reinhart wins face-off versus Mason McTavish in neutral zone.
10:41 of 1st period - Shot by J.T. Compher.
10:41 of 1st period - Shot Blocked by Mason McTavish.
10:43 of 1st period - Shot by Zach Hyman.
10:43 of 1st period - Goal by Zach Hyman - Mongoloids : 0 - Gladiators : 2.
10:44 of 1st period - Mason McTavish wins face-off versus Sam Reinhart in neutral zone.
11:07 of 1st period - Sam Reinhart is hit by Markus Niemelainen and loses puck.
11:27 of 1st period - Icing by Geoff Copses.
11:28 of 1st period - John Tavares wins face-off versus Sam Reinhart in Gladiators zone.
11:49 of 1st period - Shot by Drake Batherson.
11:49 of 1st period - Stopped by Jake Oettinger without a rebound.
11:50 of 1st period - Nico Hischier wins face-off versus Ondrej Palat in Gladiators zone.
12:19 of 1st period - Shot by Travis Konecny.
12:19 of 1st period - Stopped by Thatcher Demko with a rebound.
12:38 of 1st period - Icing by Andreas Englund.
12:39 of 1st period - Dillon Dube wins face-off versus Yanni Gourde in Mongoloids zone.
13:46 of 1st period - David Perron is hit by Alec Martinez.
14:01 of 1st period - Shot by Austin Watson.
14:01 of 1st period - Stopped by Jake Oettinger without a rebound.
14:02 of 1st period - Evgeni Malkin wins face-off versus Nico Hischier in Gladiators zone.
14:02 of 1st period - Evgeni Malkin is hit by Josh Manson.
15:01 of 1st period - Icing by Samuel Girard.
15:02 of 1st period - Dillon Dube wins face-off versus Sam Reinhart in Gladiators zone.
15:11 of 1st period - Shot by Sam Reinhart.
15:11 of 1st period - Deflect By Zach Hyman.
15:11 of 1st period - Stopped by Thatcher Demko without a rebound.
15:12 of 1st period - Colton Sissons wins face-off versus John Tavares in Mongoloids zone.
15:16 of 1st period - Nick Schmaltz is hit by Markus Niemelainen and loses puck.
15:32 of 1st period - Nick Schmaltz is hit by Markus Niemelainen and loses puck.
16:24 of 1st period - Shot by Zach Hyman.
16:24 of 1st period - Deflect By J.T. Compher.
16:24 of 1st period - Shot Misses the Net.
16:32 of 1st period - Minor Penalty to David Perron for Hooking.
16:33 of 1st period - Jonathan Marchessault wins face-off versus T.J. Oshie in Mongoloids zone.
16:44 of 1st period - Dillon Dube is hit by T.J. Oshie and loses puck.
16:59 of 1st period - Shot by Ryan Suter.
16:59 of 1st period - Shot Misses the Net.
17:01 of 1st period - Shot by Ryan Suter.
17:01 of 1st period - Shot Misses the Net.
17:11 of 1st period - Shot by Geoff Copses.
17:11 of 1st period - Shot Misses the Net.
17:13 of 1st period - Shot by Nick Schmaltz.
17:13 of 1st period - Shot Hit the Post.
17:21 of 1st period - Shot by Sam Reinhart.
17:21 of 1st period - Stopped by Thatcher Demko with a rebound.
17:31 of 1st period - Shot by Travis Konecny.
17:31 of 1st period - Stopped by Thatcher Demko with a rebound.
17:33 of 1st period - Shot by Jaccob Slavin.
17:33 of 1st period - Shot Blocked by Rasmus Andersson.
17:43 of 1st period - Shot by Geoff Copses.
17:43 of 1st period - Stopped by Thatcher Demko with a rebound.
17:45 of 1st period - Shot by Nick Schmaltz.
17:45 of 1st period - Shot Misses the Net.
18:44 of 1st period - Icing by Ryan Lindgren.
18:45 of 1st period - Mason McTavish wins face-off versus Anthony Cirelli in Mongoloids zone.
18:54 of 1st period - Evan Rodrigues is hit by Austin Watson and loses puck.
19:05 of 1st period - Shot by Mason McTavish.
19:05 of 1st period - Shot Misses the Net.
19:07 of 1st period - Shot by Austin Watson.
19:07 of 1st period - Shot Misses the Net.
19:35 of 1st period - Shot by Evgeni Malkin.
19:35 of 1st period - Shot Misses the Net.
19:47 of 1st period - Shot by Mason Marchment.
19:47 of 1st period - Stopped by Jake Oettinger without a rebound.
19:48 of 1st period - Nico Hischier wins face-off versus Dillon Dube in Gladiators zone.
Goals for this period are 0 for Mongoloids vs 2 for Gladiators.
Shots for this period are 14 for Mongoloids vs 13 for Gladiators.

2nd period


0:01 of 2nd period - Sam Reinhart wins face-off versus John Tavares in neutral zone.
0:14 of 2nd period - Shot by Sam Reinhart.
0:14 of 2nd period - Shot Blocked by Rasmus Andersson.
0:26 of 2nd period - Shot by Drake Batherson.
0:26 of 2nd period - Stopped by Jake Oettinger without a rebound.
0:27 of 2nd period - Nico Hischier wins face-off versus Dillon Dube in Gladiators zone.
0:42 of 2nd period - Shot by Travis Konecny.
0:42 of 2nd period - Shot Blocked by Adam Boqvist.
1:43 of 2nd period - Alec Martinez is hit by Drake Batherson and loses puck.
2:51 of 2nd period - Minor Penalty to Alec Martinez for Interference.
2:52 of 2nd period - John Tavares wins face-off versus Anthony Cirelli in Gladiators zone.
2:52 of 2nd period - Jonathan Marchessault is hit by Geoff Copses and loses puck.
3:04 of 2nd period - Icing by Michael Matheson.
3:05 of 2nd period - Anthony Cirelli wins face-off versus John Tavares in Mongoloids zone.
3:08 of 2nd period - Shot by Evan Rodrigues.
3:08 of 2nd period - Shot Hit the Post.
4:21 of 2nd period - Shot by John Tavares.
4:21 of 2nd period - Shot Misses the Net.
4:31 of 2nd period - Shot by John Tavares.
4:31 of 2nd period - Stopped by Jake Oettinger without a rebound.
4:32 of 2nd period - Mason McTavish wins face-off versus T.J. Oshie in Gladiators zone.
4:35 of 2nd period - Shot by Rasmus Andersson.
4:35 of 2nd period - Shot Misses the Net.
4:37 of 2nd period - Shot by Michael Matheson.
4:37 of 2nd period - Shot Misses the Net.
4:39 of 2nd period - Shot by Rasmus Andersson.
4:39 of 2nd period - Goal by Rasmus Andersson - Mongoloids : 1 - Gladiators : 2.
4:40 of 2nd period - Dillon Dube wins face-off versus Sam Reinhart in neutral zone.
4:52 of 2nd period - Zach Hyman is hit by Ryan Lindgren and loses puck.
5:00 of 2nd period - Zach Hyman is hit by Ryan Lindgren and loses puck.
5:54 of 2nd period - Shot by Drake Batherson.
5:54 of 2nd period - Stopped by Jake Oettinger without a rebound.
5:55 of 2nd period - Mason McTavish wins face-off versus Nick Schmaltz in Gladiators zone.
6:22 of 2nd period - Austin Watson is hit by T.J. Oshie and loses puck.
6:50 of 2nd period - Shot by Travis Konecny.
6:50 of 2nd period - Stopped by Thatcher Demko without a rebound.
6:51 of 2nd period - Dillon Dube wins face-off versus Nico Hischier in Mongoloids zone.
7:04 of 2nd period - Shot by Ondrej Palat.
7:04 of 2nd period - Stopped by Jake Oettinger without a rebound.
7:05 of 2nd period - John Tavares wins face-off versus Sam Reinhart in Gladiators zone.
7:08 of 2nd period - Shot by Jonathan Marchessault.
7:08 of 2nd period - Goal by Jonathan Marchessault - Mongoloids : 2 - Gladiators : 2.
7:09 of 2nd period - Sam Reinhart wins face-off versus Evgeni Malkin in neutral zone.
7:35 of 2nd period - Minor Penalty to Michael Matheson for Hooking.
7:36 of 2nd period - John Tavares wins face-off versus T.J. Oshie in Mongoloids zone.
7:44 of 2nd period - Jake Guentzel is hit by Andreas Englund and loses puck.
7:59 of 2nd period - Andreas Englund is hit by T.J. Oshie and loses puck.
9:31 of 2nd period - Shot by Geoff Copses.
9:31 of 2nd period - Stopped by Thatcher Demko with a rebound.
9:47 of 2nd period - Shot by Evgeni Malkin.
9:47 of 2nd period - Stopped by Jake Oettinger without a rebound.
9:48 of 2nd period - Yanni Gourde wins face-off versus Evgeni Malkin in Gladiators zone.
9:48 of 2nd period - Yanni Gourde is hit by Ondrej Palat.
10:10 of 2nd period - Dillon Dube is hit by Yanni Gourde and loses puck.
10:35 of 2nd period - Icing by Markus Niemelainen.
10:36 of 2nd period - Nick Schmaltz wins face-off versus Dillon Dube in Mongoloids zone.
10:36 of 2nd period - Nick Schmaltz is hit by Markus Niemelainen.
10:40 of 2nd period - Shot by T.J. Oshie.
10:40 of 2nd period - Stopped by Thatcher Demko without a rebound.
10:41 of 2nd period - John Tavares wins face-off versus Nico Hischier in Mongoloids zone.
10:45 of 2nd period - Jonathan Marchessault is hit by Josh Manson and loses puck.
11:11 of 2nd period - Shot by Nico Hischier.
11:11 of 2nd period - Deflect By Jake Guentzel.
11:11 of 2nd period - Stopped by Thatcher Demko without a rebound.
11:12 of 2nd period - Mason McTavish wins face-off versus Zach Hyman in Mongoloids zone.
11:12 of 2nd period - Mason McTavish is hit by J.T. Compher.
11:36 of 2nd period - Shot by Rasmus Andersson.
11:36 of 2nd period - Stopped by Jake Oettinger without a rebound.
11:37 of 2nd period - Evgeni Malkin wins face-off versus Nick Schmaltz in Gladiators zone.
11:43 of 2nd period - Minor Penalty to Geoff Copses for Hooking.
11:44 of 2nd period - John Tavares wins face-off versus Anthony Cirelli in Gladiators zone.
11:51 of 2nd period - Shot by Jonathan Marchessault.
11:51 of 2nd period - Shot Misses the Net.
11:59 of 2nd period - Shot by John Tavares.
11:59 of 2nd period - Shot Misses the Net.
13:11 of 2nd period - Josh Manson is hit by Austin Watson and loses puck.
13:18 of 2nd period - Ryan Lindgren is hit by Evan Rodrigues and loses puck.
13:45 of 2nd period - Shot by Ondrej Palat.
13:45 of 2nd period - Shot Blocked by Samuel Girard.
13:55 of 2nd period - Shot by Evgeni Malkin.
13:55 of 2nd period - Shot Misses the Net.
14:02 of 2nd period - Shot by Michael Matheson.
14:02 of 2nd period - Shot Blocked by Geoff Copses.
15:15 of 2nd period - Shot by Rasmus Andersson.
15:15 of 2nd period - Shot Blocked by Ryan Suter.
15:44 of 2nd period - Nick Schmaltz is hit by Mason Marchment and loses puck.
15:57 of 2nd period - Shot by Nick Schmaltz.
15:57 of 2nd period - Stopped by Thatcher Demko with a rebound.
15:59 of 2nd period - Shot by Jaccob Slavin.
15:59 of 2nd period - Shot Misses the Net.
16:01 of 2nd period - Shot by Jaccob Slavin.
16:01 of 2nd period - Stopped by Thatcher Demko with a rebound.
16:35 of 2nd period - Shot by Evan Rodrigues.
16:35 of 2nd period - Shot Hit the Post.
16:37 of 2nd period - Shot by Anthony Cirelli.
16:37 of 2nd period - Goal by Anthony Cirelli - Mongoloids : 2 - Gladiators : 3.
16:38 of 2nd period - John Tavares wins face-off versus Nico Hischier in neutral zone.
17:48 of 2nd period - Zach Hyman is hit by Markus Niemelainen and loses puck.
17:53 of 2nd period - Shot by Zach Hyman.
17:53 of 2nd period - Deflect By J.T. Compher.
17:53 of 2nd period - Shot Blocked by Ondrej Palat.
17:55 of 2nd period - Shot by Josh Manson.
17:55 of 2nd period - Stopped by Thatcher Demko without a rebound.
17:56 of 2nd period - John Tavares wins face-off versus Nick Schmaltz in Mongoloids zone.
18:11 of 2nd period - Shot by Nick Schmaltz.
18:11 of 2nd period - Shot Misses the Net.
18:13 of 2nd period - Shot by T.J. Oshie.
18:13 of 2nd period - Shot Hit the Post.
18:17 of 2nd period - Shot by Geoff Copses.
18:17 of 2nd period - Stopped by Thatcher Demko with a rebound.
18:35 of 2nd period - Shot by Ondrej Palat.
18:35 of 2nd period - Stopped by Jake Oettinger without a rebound.
18:36 of 2nd period - Nico Hischier wins face-off versus Dillon Dube in Gladiators zone.
19:03 of 2nd period - Shot by Dillon Dube.
19:03 of 2nd period - Stopped by Jake Oettinger with a rebound.
19:05 of 2nd period - Shot by Austin Watson.
19:05 of 2nd period - Shot Misses the Net.
19:14 of 2nd period - Icing by Jaccob Slavin.
19:15 of 2nd period - Evgeni Malkin wins face-off versus Nico Hischier in Gladiators zone.
Goals for this period are 2 for Mongoloids vs 1 for Gladiators.
Shots for this period are 10 for Mongoloids vs 9 for Gladiators.

3rd period


0:01 of 3rd period - Sam Reinhart wins face-off versus Mason McTavish in neutral zone.
0:38 of 3rd period - Shot by Zach Hyman.
0:38 of 3rd period - Goal by Zach Hyman - Mongoloids : 2 - Gladiators : 4.
0:39 of 3rd period - John Tavares wins face-off versus Nick Schmaltz in neutral zone.
0:42 of 3rd period - Shot by John Tavares.
0:42 of 3rd period - Shot Misses the Net.
1:04 of 3rd period - Shot by Nick Schmaltz.
1:04 of 3rd period - Stopped by Thatcher Demko with a rebound.
1:17 of 3rd period - Shot by John Tavares.
1:17 of 3rd period - Stopped by Jake Oettinger without a rebound.
1:18 of 3rd period - Nico Hischier wins face-off versus Dillon Dube in Gladiators zone.
1:47 of 3rd period - Shot by Jake Guentzel.
1:47 of 3rd period - Shot Misses the Net.
1:49 of 3rd period - Shot by Samuel Girard.
1:49 of 3rd period - Stopped by Thatcher Demko with a rebound.
1:57 of 3rd period - Shot by Travis Konecny.
1:57 of 3rd period - Stopped by Thatcher Demko without a rebound.
1:58 of 3rd period - Mason McTavish wins face-off versus Sam Reinhart in Mongoloids zone.
3:09 of 3rd period - Shot by Drake Batherson.
3:09 of 3rd period - Shot Misses the Net.
3:33 of 3rd period - Shot by Dillon Dube.
3:33 of 3rd period - Deflect By Evgeni Malkin.
3:33 of 3rd period - Shot Misses the Net.
3:35 of 3rd period - Shot by Dillon Dube.
3:35 of 3rd period - Shot Misses the Net.
3:50 of 3rd period - Shot by Evgeni Malkin.
3:50 of 3rd period - Stopped by Jake Oettinger without a rebound.
3:51 of 3rd period - Mason McTavish wins face-off versus Nico Hischier in Gladiators zone.
4:00 of 3rd period - Shot by Jake Guentzel.
4:00 of 3rd period - Stopped by Thatcher Demko without a rebound.
4:01 of 3rd period - Evgeni Malkin wins face-off versus Anthony Cirelli in Mongoloids zone.
4:01 of 3rd period - Evgeni Malkin is hit by Yanni Gourde.
4:07 of 3rd period - Yanni Gourde is hit by Mason Marchment and loses puck.
4:14 of 3rd period - Shot by Anthony Cirelli.
4:14 of 3rd period - Stopped by Thatcher Demko with a rebound.
4:16 of 3rd period - Shot by Anthony Cirelli.
4:16 of 3rd period - Shot Blocked by Mason Marchment.
4:46 of 3rd period - Evgeni Malkin is hit by Yanni Gourde and loses puck.
5:03 of 3rd period - Evgeni Malkin is hit by Zach Hyman.
5:23 of 3rd period - Markus Niemelainen is hit by J.T. Compher and loses puck.
5:33 of 3rd period - Sam Reinhart is hit by Markus Niemelainen and loses puck.
6:01 of 3rd period - Icing by Ryan Lindgren.
6:02 of 3rd period - Evgeni Malkin wins face-off versus Nick Schmaltz in Mongoloids zone.
6:02 of 3rd period - Ryan Lindgren is hit by Colton Sissons and loses puck.
6:15 of 3rd period - Shot by Nick Schmaltz.
6:15 of 3rd period - Shot Blocked by Ryan Lindgren.
6:24 of 3rd period - Geoff Copses is hit by Evgeni Malkin and loses puck.
7:08 of 3rd period - Icing by Austin Watson.
7:09 of 3rd period - Nico Hischier wins face-off versus Mason McTavish in Mongoloids zone.
8:28 of 3rd period - Shot by Sam Reinhart.
8:28 of 3rd period - Stopped by Thatcher Demko without a rebound.
8:29 of 3rd period - Anthony Cirelli wins face-off versus Mason McTavish in Mongoloids zone.
8:32 of 3rd period - Shot by Anthony Cirelli.
8:32 of 3rd period - Stopped by Thatcher Demko with a rebound.
8:51 of 3rd period - Shot by David Perron.
8:51 of 3rd period - Shot Blocked by Geoff Copses.
8:55 of 3rd period - Shot by Michael Matheson.
8:55 of 3rd period - Shot Blocked by Geoff Copses.
9:26 of 3rd period - Icing by Andreas Englund.
9:27 of 3rd period - Sam Reinhart wins face-off versus Ondrej Palat in Mongoloids zone.
9:38 of 3rd period - Shot by Sam Reinhart.
9:38 of 3rd period - Stopped by Thatcher Demko with a rebound.
10:04 of 3rd period - Austin Watson is hit by Sam Reinhart and loses puck.
10:33 of 3rd period - Minor Penalty to Travis Konecny for Holding.
10:33 of 3rd period - Minor Penalty to Austin Watson for Hooking.
10:34 of 3rd period - Evgeni Malkin wins face-off versus T.J. Oshie in neutral zone.
10:38 of 3rd period - Off-side.
10:39 of 3rd period - John Tavares wins face-off versus T.J. Oshie in neutral zone.
11:04 of 3rd period - Shot by Drake Batherson.
11:04 of 3rd period - Shot Misses the Net.
11:06 of 3rd period - Shot by Drake Batherson.
11:06 of 3rd period - Shot Misses the Net.
11:08 of 3rd period - Shot by Rasmus Andersson.
11:08 of 3rd period - Shot Misses the Net.
11:34 of 3rd period - Shot by David Perron.
11:34 of 3rd period - Stopped by Jake Oettinger without a rebound.
11:35 of 3rd period - Nick Schmaltz wins face-off versus Jonathan Marchessault in Gladiators zone.
11:39 of 3rd period - Icing by Nick Schmaltz.
11:40 of 3rd period - Nick Schmaltz wins face-off versus Drake Batherson in Gladiators zone.
11:57 of 3rd period - Shot by Zach Hyman.
11:57 of 3rd period - Stopped by Thatcher Demko with a rebound.
11:59 of 3rd period - Shot by Ryan Suter.
11:59 of 3rd period - Shot Misses the Net.
12:19 of 3rd period - Shot by Nick Schmaltz.
12:19 of 3rd period - Shot Blocked by Drake Batherson.
12:21 of 3rd period - Shot by Nick Schmaltz.
12:21 of 3rd period - Deflect By Zach Hyman.
12:21 of 3rd period - Stopped by Thatcher Demko with a rebound.
12:52 of 3rd period - Shot by Evan Rodrigues.
12:52 of 3rd period - Shot Blocked by Ryan Lindgren.
13:43 of 3rd period - Shot by Travis Konecny.
13:43 of 3rd period - Shot Blocked by Austin Watson.
14:00 of 3rd period - Icing by David Perron.
14:01 of 3rd period - Mason McTavish wins face-off versus Sam Reinhart in Mongoloids zone.
14:17 of 3rd period - Minor Penalty to Mason Marchment for Hooking.
14:18 of 3rd period - John Tavares wins face-off versus Sam Reinhart in Mongoloids zone.
14:24 of 3rd period - Icing by Travis Konecny.
14:25 of 3rd period - John Tavares wins face-off versus Sam Reinhart in Gladiators zone.
14:25 of 3rd period - John Tavares is hit by Jaccob Slavin.
14:39 of 3rd period - Shot by Drake Batherson.
14:39 of 3rd period - Shot Blocked by Jaccob Slavin.
14:42 of 3rd period - Icing by Geoff Copses.
14:43 of 3rd period - John Tavares wins face-off versus Sam Reinhart in Gladiators zone.
14:44 of 3rd period - Shot by Drake Batherson.
14:44 of 3rd period - Shot Misses the Net.
15:25 of 3rd period - Alec Martinez is hit by David Perron and loses puck.
15:54 of 3rd period - Shot by T.J. Oshie.
15:54 of 3rd period - Deflect By Jake Guentzel.
15:54 of 3rd period - Goal by Jake Guentzel - Mongoloids : 2 - Gladiators : 5.
15:55 of 3rd period - Anthony Cirelli wins face-off versus Dillon Dube in neutral zone.
15:55 of 3rd period - Anthony Cirelli is hit by Ondrej Palat.
16:50 of 3rd period - Shot by John Tavares.
16:50 of 3rd period - Shot Misses the Net.
16:52 of 3rd period - Shot by Ryan Lindgren.
16:52 of 3rd period - Stopped by Jake Oettinger without a rebound.
16:53 of 3rd period - Mason McTavish wins face-off versus Sam Reinhart in Gladiators zone.
17:03 of 3rd period - J.T. Compher is hit by Austin Watson and loses puck.
17:10 of 3rd period - Shot by Sam Reinhart.
17:10 of 3rd period - Shot Blocked by Rasmus Andersson.
17:12 of 3rd period - Shot by J.T. Compher.
17:12 of 3rd period - Shot Misses the Net.
17:14 of 3rd period - Shot by Alec Martinez.
17:14 of 3rd period - Shot Misses the Net.
17:16 of 3rd period - Shot by J.T. Compher.
17:16 of 3rd period - Stopped by Thatcher Demko with a rebound.
17:18 of 3rd period - Shot by Alec Martinez.
17:18 of 3rd period - Shot Blocked by Rasmus Andersson.
18:15 of 3rd period - Josh Manson is hit by Jonathan Marchessault and loses puck.
18:26 of 3rd period - Shot by Nick Schmaltz.
18:26 of 3rd period - Shot Misses the Net.
18:32 of 3rd period - Colton Sissons is hit by Jonathan Marchessault and loses puck.
19:00 of 3rd period - Dillon Dube is hit by Geoff Copses and loses puck.
19:17 of 3rd period - Off-side.
19:18 of 3rd period - Mason McTavish wins face-off versus Evan Rodrigues in neutral zone.
19:50 of 3rd period - Shot by Evan Rodrigues.
19:50 of 3rd period - Shot Misses the Net.
19:52 of 3rd period - Shot by Yanni Gourde.
19:52 of 3rd period - Shot Misses the Net.
Goals for this period are 0 for Mongoloids vs 2 for Gladiators.
Shots for this period are 4 for Mongoloids vs 13 for Gladiators.